 Dungeon Crawl Stone Soup version 0.20-b1-14-g8425815 (webtiles) character file.

151 ghjk the Sneak (level 5, -1/24 HPs)
             Began as a Spriggan Enchanter on May 23, 2017.
             Slain by an orc wizard
             ... wielding a +0 dagger
              (2 damage)
             ... on level 3 of the Dungeon.
             The game lasted 00:09:22 (2875 turns).

ghjk the Sneak (Spriggan Enchanter)                 Turns: 2875, Time: 00:09:23

Health: -1/24      AC:  2    Str:  4    XL:     5   Next: 11%
Magic:  1/11       EV: 18    Int: 18    God:
Gold:   64         SH:  0    Dex: 16    Spells: 2/11 levels left

rFire    . . .     SeeInvis +   a - +2 dagger
rCold    . . .     Gourm    .   (shield restricted)
rNeg     . . .     Faith    .   b - +0 robe
rPois    .         Spirit   .   (helmet restricted)
rElec    .         Reflect  .   (no cloak)
rCorr    .         Harm     .   (gloves unavailable)
MR       .....                  (boots unavailable)
Stlth    ++++......             (no amulet)
Regen    0.1/turn               (no ring)
MPRegen  0.2/turn               (no ring)

@: very slightly contaminated, very quick
A: unfitting armour, see invisible, herbivore 3, speed 3, slow metabolism 2
a: no special abilities


You were on level 3 of the Dungeon.
You were not hungry.

You visited 1 branch of the dungeon, and saw 3 of its levels.

You collected 64 gold pieces.

Inventory:

Hand Weapons
 a - a +2 dagger (weapon)
Armour
 b - a +0 robe (worn)
Wands
 k - a wand of clouds (5/9)
Scrolls
 e - 2 scrolls of enchant weapon
 f - a scroll of remove curse {unknown}
Potions
 g - a potion of flight
 h - a potion of curing {unknown}
 i - a potion of haste {unknown}
 j - 2 potions of mutation {unknown}
Books
 c - a book of Maledictions

   Spells                             Type                      Level
   a - Corona                         Hexes                        1
   b - Ensorcelled Hibernation        Hexes/Ice                    2
   c - Confuse                        Hexes                        3
   d - Tukima's Dance                 Hexes                        3
   e - Dazzling Spray                 Conjuration/Hexes            3
 d - a book of Misfortune

   Spells                             Type                      Level
   a - Confusing Touch                Hexes                        1
   b - Confuse                        Hexes                        3
   c - Gell's Gravitas                Translocation                3
   d - Petrify                        Transmutation/Earth          4
   e - Metabolic Englaciation         Hexes/Ice                    5
   f - Yara's Violent Unravelling     Hexes/Transmutation          5


   Skills:
 + Level 0.2 Fighting
 + Level 1.7 Short Blades
 + Level 3.3 Dodging
 * Level 6.8 Stealth
 + Level 3.5 Spellcasting
 + Level 4.5 Hexes
 + Level 0.4 Ice Magic


You had 2 spell levels left.
You knew the following spells:

 Your Spells              Type           Power        Failure   Level  Hunger
a - Corona                Hex            ###....      2%          1    None
b - Ensorcelled Hibernat  Hex/Ice        ##....       9%          2    ##.....
c - Confuse               Hex            ###.....     7%          3    ###....
d - Dazzling Spray        Conj/Hex       ##....       19%         3    ###....


Dungeon Overview and Level Annotations

Branches:
Dungeon (3/15)

Altars:
Gozag


Innate Abilities, Weirdness & Mutations

You are very small and have problems with some larger weapons.
You are too small for most types of armour.
You have supernaturally acute eyesight. (SInv)
You are a herbivore.
You cover ground extremely quickly.
You need consume almost no food.


Message History

The orc wizard barely misses you.
Casting: Ensorcelled Hibernation
Confirm with . or Enter, or press ? or * to list all spells.
Aiming: Confuse
Press: ? - help, Shift-Dir - straight line, f/p - orc wizard
Aim: an orc wizard, wielding a dagger and wearing a robe (severely wounded, slightly transparent, chance to defeat MR: 50%)
You miscast Confuse.
You are very lightly contaminated with residual magic.
Strange energies run through your body.
The orc wizard hits you but does no damage.
You barely miss the orc wizard.
The orc wizard is severely wounded.
The orc wizard hits you but does no damage.
You hit the orc wizard.
The orc wizard is almost dead.
The orc wizard barely misses you.
You hit the orc wizard.
The orc wizard is almost dead.
The orc wizard hits you with a dagger.
You die...

......... ###.........
#............
#......$..... .
#............ .
###....#...##.# #.
#.o......#.#o.##†.
#.######@#.†............#
#........................
#####....#####........###
#......# ######.#..##
#####.## #######.##...
#.#####o.......<...
#####.......#####..o...
#..........#### ##....#
#..........# #....#


You could see an orc wizard (invisible).

Vanquished Creatures
  Terence (D:2)
  Robin (D:2)
  4 adders
  An ooze (D:2)
  3 worms
  2 dart slugs (D:1)
  A leopard gecko (D:2)
  An orc (D:3)
  7 bats
  2 giant cockroaches
  14 goblins
  12 hobgoblins
  3 frilled lizards
  3 kobolds
  9 rats
64 creatures vanquished.

Notes
Turn   | Place    | Note
-------+----------+-------------------------------------------
     0 | D:1      | ghjk the Spriggan Enchanter began the quest for the Orb.
     0 | D:1      | Reached XP level 1. HP: 9/9 MP: 5/5
   186 | D:1      | Reached XP level 2. HP: 8/13 MP: 4/6
   190 | D:1      | Learned a level 2 spell: Ensorcelled Hibernation
   775 | D:1      | Reached skill level 5 in Stealth
  1109 | D:2      | Reached XP level 3. HP: 16/16 MP: 6/8
  1311 | D:2      | Found an opulent altar of Gozag.
  1618 | D:2      | Noticed Terence
  1651 | D:2      | Noticed Robin
  1663 | D:1      | Learned a level 3 spell: Confuse
  1823 | D:2      | Reached XP level 4. HP: 21/21 MP: 6/9
  1852 | D:2      | Reached skill level 6 in Stealth
  2029 | D:2      | Killed Terence
  2676 | D:2      | Killed Robin
  2735 | D:3      | Reached XP level 5. HP: 21/24 MP: 11/11
  2740 | D:3      | Learned a level 3 spell: Dazzling Spray
  2868 | D:3      | HP: 1/24 [orc wizard/dagger (3)]
  2875 | D:3      | Slain by an orc wizard

Skill      XL: |  1  2  3  4 |
---------------+-------------+-----
Hexes          | 4 |  4.5
Spellcasting   | 3 |  3.5
Stealth        | 5 6 |  6.8
Fighting       | |  0.2
Short Blades   | |  1.7
Dodging        | |  3.3
Ice Magic      | |  0.4

Action                   |  1- 3 |  4- 6 || total
-------------------------+-------+-------++-------
Melee: Dagger            |    94 |   119 ||   213
 Cast: Corona            |     7 |       ||     7
       Ensorcelled Hiber |    34 |    15 ||    49
       Confuse           |       |     7 ||     7
  Use: Scroll            |     5 |       ||     5
 Stab: Sleeping          |    27 |     9 ||    36
       Confused          |       |     3 ||     3
  Eat: Bread ration      |       |     1 ||     1
       Fruit             |       |     1 ||     1
Armor: Robe              |     6 |     3 ||     9
Dodge: Dodged            |    54 |    59 ||   113
